Map: Traitor's Exile

Players

ILIEKEGGPIE - Winner!

  • Race: Protoss Protoss
  • League: Platinum
  • Spawn Location: 5:00

spacechinees - Winner!

  • Race: Protoss Protoss
  • Spawn Location: 6:00

SuperDruker

  • Race: Protoss Protoss
  • League: Platinum
  • Spawn Location: 9:00

ДжекиЧан

  • Race: Terran Terran
  • Spawn Location: 12:00

VOD

Have the link to the VOD?

Description

Time

  • Played on: May 29, 2018, 8:39 p.m.
  • Length: 15:39
Show
View Real Time Build Order
Export as new Build Order

ILIEKEGGPIE Protoss - Winner!

Build Orders:  

Get SALT Encoding   

  13  0:07  Probe  
  13  0:19  Probe, Pylon  
  14  0:28  Probe  
  15  0:37  Probe  
  16  0:44  Gateway  
  16  0:45  Probe  
  17  0:51  Assimilator  
  17  0:57  Probe  
  18  1:09  Probe  
  19  1:21  Probe  
  20  1:30  Pylon  
  20  1:33  Cybernetics Core  
  20  1:34  Probe  
  21  1:46  Probe  
  22  1:51  Gateway  
  22  1:56  Assimilator  
  22  2:01  Probe  
  23  2:08  Pylon  
  23  2:28  Warp Gate  
  22  2:31  Stalker  
  24  2:46  Pylon  
  24  3:04  Stalker  
  26  3:05  Gateway  
  26  3:08  Gateway  
  26  3:13  Gateway x2  
  24  3:34  Gateway  
  24  3:35  Gateway  
  24  3:37  Stalker, Gateway  
  24  3:40  Gateway, Nexus  
  24  3:43  Pylon  
  26  4:03  Stalker  
  26  4:04  Shield Battery  
  28  4:44  Stalker x2  
  28  4:45  Stalker x2  
  34  4:46  Stalker  
  38  4:55  Probe x2  
  40  5:07  Probe  
  41  5:17  Probe  
  41  5:21  Probe  
  43  5:25  Probe  
  43  5:33  Probe  
  45  5:36  Stalker  
  45  5:37  Stalker x2  
  51  5:44  Probe  
  51  5:45  Probe  
  53  5:56  Probe  
  54  6:09  Pylon  
  54  6:11  Pylon  
  54  6:12  Shield Battery  
  54  6:27  Probe x2  
  56  6:34  Robotics Facility  
  58  6:40  Probe x2  
  58  6:48  Pylon  
  58  6:49  Assimilator  
  58  6:51  Assimilator  
  58  6:52  Probe x2  
  58  6:53  Pylon  
  60  6:58  Pylon  
  60  7:03  Forge  
  60  7:04  Probe x2  
  62  7:12  Stalker x4  
  70  7:16  Stalker, Probe  
  70  7:19  Protoss Ground Weapons Level 1  
  73  7:45  Gateway, Twilight Council  
  73  7:48  Observer  
  74  8:04  Probe x2  
  76  8:16  Probe x2  
  74  8:30  Stalker x3  
  74  8:31  Stalker x2  
  84  8:41  Blink  
  84  8:49  Probe  
  85  8:57  Observer  
  85  9:01  Nexus  
  86  9:03  Pylon  
  86  9:05  Pylon  
  86  9:12  Assimilator  
  86  9:16  Assimilator  
  86  9:20  Pylon  
  86  9:22  Pylon  
  86  9:25  Pylon  
  86  9:31  Templar Archives  
  86  9:35  Protoss Ground Weapons Level 2  
  86  9:37  Stalker  
  86  9:53  Probe  
  87  10:11  High Templar  
  87  10:12  High Templar x3  
  87  10:13  High Templar x2  
  99  10:17  Archon  
  99  10:21  Archon x2  
  99  10:28  Probe  
  100  10:35  Gateway  
  100  10:37  Gateway  
  100  10:41  Gateway  
  100  10:42  Probe x2  
  102  10:54  Stalker  
  102  10:55  Stalker x5  
  114  11:00  Probe  
  114  11:01  Probe x2  
  114  11:03  Charge  
  117  11:08  Probe  
  117  11:13  Probe x2  
  117  11:17  Probe  
  120  11:25  Probe x2  
  121  12:02  Probe  
  122  12:10  Nexus  
  122  12:13  Pylon  
  122  12:16  Pylon  
  122  12:30  Stalker  
  122  12:31  High Templar x5  
  134  12:39  Gateway  
  134  12:41  Gateway  
  134  12:46  Gateway  
  134  12:47  Archon x2  
  134  12:48  Gateway  
  134  12:50  Gateway  
  134  12:53  Gateway  
  134  13:12  High Templar x3  
  139  13:14  Zealot x3  
  139  13:19  Gateway  
  145  13:21  Gateway  
  145  13:23  Gateway  
  145  13:27  Archon  
  145  13:28  Gateway  
  145  13:31  Gateway  
  145  13:33  Assimilator  
  145  13:38  Assimilator  
  145  13:42  Pylon  
  145  13:45  Archon, Pylon  
  145  13:48  Zealot x3  
  145  13:49  Zealot x6  
  163  14:10  Pylon  
  163  14:35  Zealot x4  
  163  14:36  Zealot x6  
  163  14:37  Zealot x2  
  163  14:38  Zealot x6  
Show
View Real Time Build Order
Export as new Build Order

spacechinees Protoss - Winner!

Build Orders: Dark Templar Rush 

Get SALT Encoding   

  12  0:01  Probe  
  13  0:13  Probe  
  14  0:20  Pylon  
  14  0:25  Probe  
  15  0:37  Probe  
  15  0:41  Gateway  
  16  0:45  Probe  
  17  0:51  Assimilator  
  17  0:53  Probe  
  18  1:04  Probe  
  18  1:10  Pylon  
  19  1:17  Probe  
  20  1:27  Cybernetics Core  
  20  1:30  Gateway  
  20  1:33  Probe  
  21  1:45  Probe  
  22  1:51  Assimilator  
  22  1:53  Probe  
  23  2:01  Probe  
  24  2:14  Warp Gate  
  24  2:21  Twilight Council  
  24  2:22  Probe  
  25  2:31  Probe  
  26  2:39  Probe  
  26  2:42  Pylon  
  27  2:48  Probe  
  28  2:55  Robotics Facility  
  28  3:00  Probe  
  29  3:06  Gateway  
  29  3:09  Probe  
  29  3:12  Pylon  
  30  3:17  Probe  
  30  3:19  Stalker  
  32  3:21  Stalker  
  32  3:26  Probe  
  35  3:31  Dark Shrine  
  36  3:39  Probe  
  37  3:51  Probe  
  38  4:00  Nexus  
  38  4:03  Probe  
  39  4:15  Probe  
  40  4:21  Warp Prism  
  40  4:29  Probe, Pylon  
  40  4:31  Assimilator  
  41  4:36  Assimilator  
  43  4:42  Probe  
  44  4:50  Dark Templar x3  
  50  4:54  Probe  
  50  4:55  Pylon  
  51  5:11  Probe  
  51  5:13  Probe  
  52  5:19  Probe  
  54  5:29  Probe  
  55  5:39  Dark Templar x2  
  55  5:41  Probe  
  60  5:59  Stalker  
  60  6:02  Probe  
  60  6:03  Probe  
  64  6:07  Forge  
  64  6:08  Shield Battery  
  64  6:13  Probe  
  65  6:21  Probe  
  66  6:30  Probe  
  67  6:42  Probe x2  
  67  6:52  Stalker x3  
  74  6:54  Probe  
  74  6:55  Photon Cannon  
  74  7:00  Photon Cannon  
  74  7:03  Photon Cannon  
  74  7:06  Probe  
  70  7:16  Stalker x3  
  64  7:36  Probe  
  61  7:44  Probe  
  61  7:48  Probe  
  61  7:49  Photon Cannon  
  63  7:52  Photon Cannon  
  63  7:57  Probe  
  63  7:58  Stalker x3  
  68  8:00  Probe  
  71  8:08  Probe  
  73  8:12  Probe  
  73  8:13  Blink  
  73  8:16  Probe  
  73  8:19  Gateway x2  
  73  8:24  Probe, Photon Cannon  
  70  8:27  Dark Templar x2  
  70  8:28  Dark Templar  
  77  8:35  Probe  
  77  8:36  Photon Cannon  
  78  8:46  Pylon  
  78  9:01  Probe  
  78  9:02  Probe  
  78  9:09  Stalker x3  
  80  9:10  Probe  
  80  9:16  Probe  
  80  9:18  Probe  
  81  9:28  Probe x2  
  83  9:40  Probe x2  
  85  9:52  Probe  
  86  10:05  Pylon  
  86  10:08  Shield Battery, Pylon  
  86  10:13  Protoss Ground Weapons Level 1, Pylon x3  
  86  10:17  Pylon  
  86  10:20  Nexus  
  86  10:22  Pylon  
  86  10:25  Pylon  
  86  10:29  Forge  
  86  10:34  Templar Archives  
  86  10:39  Charge  
  86  10:43  Dark Templar x2  
  86  10:44  Stalker x2  
  94  10:57  Archon  
  94  11:20  High Templar x4  
  94  12:01  Zealot  
  94  12:02  Zealot x4  
  94  12:03  Archon x2  
  104  12:28  Protoss Ground Weapons Level 2  
  104  12:30  Zealot x2  
  104  12:31  Zealot x3  
  104  12:33  Probe  
  104  12:35  Probe  
  115  12:39  Probe  
  115  12:42  Protoss Shields Level 1  
  115  12:43  Probe  
  118  12:53  Probe  
  119  12:58  Assimilator  
  119  13:02  Assimilator  
  119  13:04  Zealot x2  
  119  13:05  Zealot x3, Probe  
  130  13:14  Probe  
  130  13:17  Probe  
  130  13:19  Pylon  
  132  13:22  Gateway  
  132  13:27  Probe  
  131  13:30  Psionic Storm  
  131  13:36  Zealot  
  131  13:37  Zealot x4  
  131  13:41  Probe  
  140  14:10  Zealot  
  140  14:11  Zealot x4  
  146  14:17  Gateway  
  146  14:18  Probe  
  146  14:19  Gateway  
  146  14:21  Gateway  
  145  14:27  Pylon  
  145  14:31  Stargate  
  145  14:33  Stargate  
  145  14:35  Stargate  
  145  14:52  Cybernetics Core  
  145  15:04  Probe  
  146  15:25  Fleet Beacon  
Show
View Real Time Build Order
Export as new Build Order

SuperDruker Protoss 

Build Orders: 1 Gate Expand, Forge Fast Expand (FFE) 

Get SALT Encoding   

  1  0:00  Probe  
  12  0:05  Probe  
  14  0:15  Probe  
  15  0:25  Pylon  
  15  0:43  Probe  
  15  0:47  Gateway  
  16  0:51  Forge  
  16  0:57  Probe  
  17  1:11  Probe  
  18  1:38  Zealot  
  18  1:39  Nexus  
  18  1:44  Photon Cannon  
  20  1:54  Probe  
  21  2:23  Pylon  
  21  2:27  Probe  
  21  2:29  Assimilator  
  21  2:33  Assimilator  
  21  2:34  Assimilator  
  21  2:35  Probe  
  22  2:40  Assimilator  
  23  2:44  Probe  
  23  2:50  Cybernetics Core  
  24  2:56  Probe  
  25  3:00  Photon Cannon  
  25  3:08  Probe x2  
  27  3:16  Probe x2  
  27  3:24  Probe  
  27  3:25  Probe  
  31  3:34  Stargate, Probe x2  
  33  3:46  Probe  
  33  3:47  Probe  
  35  3:56  Stargate  
  35  3:58  Probe  
  35  3:59  Probe  
  37  4:06  Probe  
  37  4:07  Probe  
  37  4:14  Probe  
  37  4:15  Probe  
  41  4:25  Probe x2  
  41  4:29  Oracle  
  46  4:44  Pylon  
  46  4:46  Pylon  
  46  4:55  Nexus  
  46  4:59  Oracle  
  46  5:01  Pylon  
  46  5:02  Probe x2  
  46  5:05  Pylon  
  51  5:09  Pylon  
  51  5:12  Pylon  
  51  5:14  Probe  
  51  5:15  Pylon  
  51  5:16  Oracle  
  51  5:18  Pylon  
  52  5:21  Pylon  
  52  5:24  Protoss Air Weapons Level 1  
  39  5:52  Probe x2  
  41  5:57  Void Ray  
  41  5:58  Photon Cannon  
  42  6:04  Probe  
  43  6:19  Photon Cannon  
  43  6:21  Photon Cannon  
  43  6:26  Void Ray  
  47  7:02  Nexus  
  38  8:01  Void Ray x2  
  38  8:04  Nexus  
  25  8:36  Probe  
  27  8:48  Probe  
  27  8:55  Robotics Facility  
  27  9:00  Probe  
  28  9:12  Probe  
  29  9:22  Probe  
  29  9:23  Probe  
  29  9:30  Probe  
  29  9:31  Probe  
  31  9:40  Probe x2  
  33  9:52  Probe x2  
  31  10:06  Observer  
  24  10:16  Probe  
  24  10:18  Probe  
  26  10:25  Stargate  
  26  10:27  Observer  
  28  10:28  Probe  
  28  10:30  Probe x2  
  28  10:35  Assimilator  
  30  10:39  Assimilator  
  30  10:40  Probe  
  30  10:42  Probe x2  
  33  10:47  Void Ray  
  33  10:48  Void Ray  
  33  10:52  Probe  
  33  10:54  Probe x2  
  44  11:04  Probe  
  44  11:06  Probe  
  44  11:07  Probe  
  47  11:12  Pylon  
  47  11:19  Probe  
  48  11:29  Void Ray  
  48  11:30  Nexus  
  39  12:06  Void Ray x2  
  47  12:12  Void Ray  
  39  12:37  Observer  
  39  12:48  Assimilator  
  39  12:53  Probe  
  39  12:54  Assimilator  
  40  13:01  Probe  
  41  13:10  Probe  
  42  13:22  Probe  
  36  13:34  Probe  
  36  13:46  Probe  
  36  13:54  Probe  
  38  14:04  Probe  
  39  14:16  Probe  
  40  14:21  Void Ray x2  
  40  14:23  Void Ray  
  52  14:39  Probe  
  52  14:42  Probe  
  54  14:47  Probe  
  54  14:50  Probe  
  55  14:56  Probe  
  55  14:58  Probe  
  66  15:08  Probe  
Show
View Real Time Build Order
Export as new Build Order

ДжекиЧан Terran 

Build Orders: MMM Bio 

Get SALT Encoding   

  12  0:01  SCV  
  13  0:13  SCV  
  14  0:23  Supply Depot  
  14  0:25  SCV  
  15  0:45  SCV  
  16  0:54  Barracks  
  16  0:57  SCV  
  17  1:09  SCV  
  18  1:21  SCV  
  18  1:22  Barracks  
  18  1:25  Refinery  
  19  1:27  Refinery  
  19  1:33  SCV  
  19  1:38  Supply Depot  
  20  1:45  SCV  
  21  1:57  SCV  
  21  1:59  Marine  
  23  2:09  SCV  
  23  2:12  Marine  
  25  2:17  Marine  
  26  2:32  Command Center  
  26  2:51  Marine x2  
  26  2:54  Command Center  
  28  3:02  SCV  
  29  3:09  Marine x2  
  31  3:14  Supply Depot  
  31  3:36  Barracks Reactor, SCV  
  31  3:39  Barracks Tech Lab  
  32  3:44  SCV  
  32  3:48  SCV  
  34  3:55  Factory  
  34  3:56  SCV  
  34  4:00  SCV  
  36  4:06  Stimpack  
  36  4:08  Marine, SCV  
  38  4:14  SCV  
  39  4:20  Supply Depot, SCV  
  39  4:22  SCV  
  41  4:26  Marine  
  41  4:30  Orbital Command  
  42  4:32  SCV  
  42  4:36  Marine x2  
  45  4:42  Factory Tech Lab  
  45  4:44  SCV  
  46  4:47  Engineering Bay  
  46  4:51  Supply Depot  
  46  4:53  Marine  
  46  4:54  SCV  
  48  5:05  SCV  
  48  5:06  SCV  
  50  5:14  Marine x2  
  50  5:17  SCV  
  50  5:18  SCV  
  54  5:22  Terran Infantry Weapons Level 1  
  54  5:26  Engineering Bay  
  54  5:29  SCV  
  54  5:30  SCV  
  54  5:31  Supply Depot  
  56  5:42  SCV x2, Missile Turret  
  58  5:48  Siege Tank  
  61  5:54  SCV  
  55  6:06  Combat Shields  
  55  6:09  Marine x2  
  55  6:10  Marine  
  56  6:19  Terran Infantry Armor Level 1  
  56  6:20  Siege Tank  
  59  6:27  Marine x3  
  62  6:37  Supply Depot  
  62  6:43  Armory  
  62  6:45  Marine  
  63  6:59  Marine x2, Siege Tank  
  63  7:00  Supply Depot  
  68  7:03  Marine  
  69  7:17  Command Center, Marine x2  
  69  7:20  Marine  
  64  7:27  SCV  
  48  7:34  Marine x2  
  50  7:38  Marine  
  50  7:39  SCV  
  52  7:51  SCV  
  53  7:52  Marine x2  
  53  7:56  Marine  
  53  7:58  Supply Depot  
  56  8:03  SCV  
  57  8:15  SCV  
  58  8:45  SCV  
  50  8:57  SCV  
  44  9:09  SCV  
  44  9:11  Missile Turret  
  44  9:17  SCV  
  44  9:21  SCV  
  46  9:29  SCV  
  47  9:31  Missile Turret  
  47  9:33  SCV  
  47  9:42  SCV, Missile Turret  
  47  9:45  Hi-Sec Auto Tracking, SCV  
  49  9:51  Missile Turret  
  49  9:54  SCV  
  49  9:57  SCV  
  51  10:01  Siege Tank  
  51  10:02  Missile Turret  
  51  10:06  SCV  
  55  10:09  SCV  
  56  10:21  SCV  
  56  10:23  SCV, Missile Turret  
  56  10:25  Missile Turret  
  57  10:34  SCV  
  58  10:36  Marine x3, SCV  
  62  10:46  SCV, Missile Turret  
  62  10:48  SCV  
  67  10:50  Siege Tank  
  67  10:54  Marine  
  67  10:55  Marine  
  67  10:56  Marine  
  70  10:58  SCV  
  70  11:00  SCV  
  72  11:07  Missile Turret  
  72  11:10  SCV  
  73  11:11  Marine  
  73  11:13  Marine  
  75  11:24  SCV  
  70  11:32  Command Center  
  70  11:36  SCV  
  70  11:37  Siege Tank  
  70  11:39  Marine  
  75  11:40  Marine x2  
  77  11:48  SCV  
  78  12:00  SCV  
  79  12:12  SCV  
  82  12:37  Siege Tank  
  82  12:48  Supply Depot  
  82  12:54  Marine  
  84  13:09  Siege Tank  
  84  13:11  Supply Depot  
  87  13:13  Barracks Reactor  
  86  13:23  Refinery  
  86  13:26  Refinery  
  86  13:32  Refinery  
  86  13:34  Supply Depot  
  89  13:41  Siege Tank  
  89  13:47  Marine  
  90  13:56  SCV  
  90  13:59  Supply Depot  
  85  14:05  Marine  
  85  14:08  SCV  
  84  14:13  Siege Tank  
  87  14:19  Marine x2  
  87  14:20  SCV  
  87  14:22  Supply Depot  
  87  14:23  Marine  
  91  14:29  Orbital Command  
  91  14:31  Starport  
  91  14:32  SCV  
  91  14:37  Marine x2  
  94  14:41  Marine  
  94  14:44  Supply Depot, SCV  
  94  14:45  Siege Tank  
  99  14:55  Marine x2  
  99  14:57  SCV  
  99  14:59  Marine  
  103  15:08  Supply Depot  
  103  15:09  SCV  
  103  15:12  Marine  
  103  15:13  Marine  
  80  15:17  Marine  
  57  15:30  Supply Depot  
Tags
 
Add a new tag
Caveats
  • Supply blocks, unpowered buildings, or Contaminate may cause inaccurate times.
  • Supply counts are checked every 10 seconds.